 Dungeon Crawl Stone Soup version 0.30-a0-313-gae38170b09 (webtiles) character file.

Game seed: 15121675558954078224

6180 Engwar the Basher (level 10, -6/81 HPs)
             Began as a White Draconian Reaver on Oct 26, 2022.
             Was a Priest of Vehumet.
             Mangled by a boulder beetle (19 damage)
             ... on level 8 of the Dungeon.
             The game lasted 00:33:28 (10058 turns).

Engwar the Basher (White Draconian Reaver)         Turns: 10058, Time: 00:33:28

Health: -6/81      AC: 16    Str: 21    XL:     10   Next: 60%
Magic:  17/17      EV: 13    Int: 18    God:    Vehumet [***...]
Gold:   470        SH:  5    Dex:  9    Spells: 9/19 levels left

rFire   . . .      SeeInvis .    b - +3 whip (venom)
rCold   + . .      Faith    .    (no shield)
rNeg    . . .      Spirit   .    (body armour unavailable)
rPois   .          Reflect  +    (helmet restricted)
rElec   .          Harm     .    w - +2 cloak
rCorr   .          Rampage  .    (no gloves)
Will    .....                    k - +1 pair of boots
Stlth   +.........               a - amulet of reflection
HPRegen 0.33/turn                o - +6 ring of strength
MPRegen 0.15/turn                g - +4 ring of protection

@: mighty, about to teleport
A: breathe frost, AC +7, unfitting armour, cold resistance 1, cold-blooded
a: Breathe Frost, Renounce Religion


You were on level 8 of the Dungeon.
You worshipped Vehumet.
Vehumet was most pleased with you.
You visited 1 branch of the dungeon, and saw 9 of its levels.

You collected 470 gold pieces.

Inventory:

Hand Weapons
 b - a +3 whip of venom (weapon)
Armour
 k - a +1 pair of boots (worn)
 w - a +2 cloak (worn)
Jewellery
 a - an amulet of reflection (around neck)
 g - a +4 ring of protection (right hand)
 o - a +6 ring of strength (left hand)
Wands
 x - a wand of digging (1)
 y - a wand of iceblast (3)
Scrolls
 h - 3 scrolls of teleportation
 i - 3 scrolls of amnesia
 s - a scroll of fog
 t - 2 scrolls of fear
 v - a scroll of brand weapon
 z - a scroll of acquirement {unknown}
Potions
 c - a potion of flight
 d - 2 potions of attraction
 e - 3 potions of curing
 f - 5 potions of mutation
 j - 5 potions of brilliance
 l - a potion of berserk rage {unknown}
 m - 2 potions of might
 n - 4 potions of degeneration {unknown}
 p - a potion of heal wounds {unknown}
 q - 2 potions of haste {unknown}
 r - a potion of lignification {unknown}
 u - a potion of magic {unknown}


   Skills:
 - Level 5.0 Fighting
 + Level 9.9 Maces & Flails
 + Level 4.8 Dodging
 - Level 5.0 Spellcasting
 + Level 8.8 Conjurations
 - Level 6.0 Translocations


You had 9 spell levels left.
You knew the following spells:

 Your Spells              Type           Power      Damage    Failure   Level
a - Kiss of Death         Conj/Necr      80%        2d11      1%          1
b - Momentum Strike       Conj/Tloc      62%        3d9       1%          2
c - Hailstorm             Conj/Ice       20%        3d6       1%          3
d - Iskenderun's Mystic   Conj/Tloc      31%        2d8       1%          4

Your spell library contained the following spells:

 Spells                   Type           Power      Damage    Failure   Level
 Kindle Blastsparks       Fire/Tloc/Air  22%        2d11      4%          3
 Dazzling Flash           Conj/Hex       40%        N/A       1%          3
 Starburst                Conj/Fire      10%        6d5       58%         6


Dungeon Overview and Level Annotations

Branches:
Dungeon (9/15)             Temple (0/1) D:7
   Lair: D:8-11         Orc: D:9-12

Altars:
Ashenzari
Dithmenos
Fedhas
Hepliaklqana
Kikubaaqudgha
Makhleb
Sif Muna
Uskayaw
Vehumet
Yredelemnul
The Shining One

Shops:
D:8 (

Annotations:
D:4 Grinder


Innate Abilities, Weirdness & Mutations

You can breathe waves of freezing cold which knock back foes.
Your icy white scales are hard. (AC +7)
You cannot fit into any form of body armour.
Your flesh is cold resistant. (rC+)
You are cold-blooded and may be slowed by cold attacks.


Message History

The acid dragon bites you but does no damage.
The acid dragon claws you but does no damage.
You see here a +0 shortbow.
You whack the acid dragon!
The acid dragon is moderately wounded.
The boulder beetle curls into a ball and begins rolling!
The acid dragon bites you! The acid dragon claws you.
You whack the acid dragon! You tail-slap the acid dragon!
You kill the acid dragon!
Vehumet accepts your kill. The wolf spider hits you!
The wolf spider barely misses you. x2
The wolf spider closely misses you.
You whack the wolf spider!
The wolf spider is poisoned.
Your tail-slap misses the wolf spider.
The wolf spider is lightly wounded.
The wolf spider hits you but does no damage.
The wolf spider bites you but does no damage.
You hit the wolf spider.
The wolf spider looks as sick as possible!
The wolf spider is moderately wounded.
The wolf spider hits you but does no damage.
The wolf spider barely misses you.
You hit the wolf spider but do no damage.
The wolf spider looks as sick as possible!
The wolf spider is moderately wounded.
You block the wolf spider's attack. The wolf spider barely misses you.
You closely miss the wolf spider.
The wolf spider is heavily wounded.
The boulder beetle hits you!!!
Ouch! That really hurt!
* * * LOW HITPOINT WARNING * * *
The boulder beetle stops rolling and uncurls.
The wolf spider closely misses you.
The wolf spider bites you but does no damage.
Unknown command.
As you read the scroll of teleportation, it crumbles to dust.
You feel strangely unstable.
The wolf spider hits you but does no damage.
You block the wolf spider's attack. The boulder beetle bites you!!
You die...

....## #.........###).## ...##
##........##..## ...#
#.........#.#### ##.##
##B.......#.#... ...(##
#........#....#
.....##############.####...#..###
###..>##..............######.## #
#.###..#########.#...## #..###
#.'∩'..#...WBs@#○###..## #....#
########.########B.# ##..###.#...
.#######.#}"[/?[?#.# ##..##.####
.........#########.# ###....##
...................# ##....##
..........##..###### ##.....
.#...........## ##....
#####.....#### ##... ####..# ##.#


You could see 2 boulder beetles, a wolf spider (extremely poisoned) and a
wraith.

Vanquished Creatures
  A manticore (D:8)
  A kobold demonologist (D:9)
  A troll (D:9)
  A hornet (D:9)
  10 yaks (D:9)
  4 wyverns
  Eustachio (D:4)
  An acid dragon (D:8)
  4 water moccasins
  Duvessa (D:6)
  2 orc warriors
  An ice beast (D:6)
  2 black bears
  A sky beast (D:7)
  2 centaurs (D:8)
  An ogre (D:5)
  A phantom (D:4)
  4 kobold brigands
  A bullfrog (D:6)
  2 necrophages
  A gnoll sergeant (D:7)
  2 wights (D:7)
  Dowan (D:6)
  4 killer bees (D:7)
  A howler monkey (D:7)
  A gnoll bouda (D:9)
  A hound (D:4)
  A jelly (D:5)
  2 orc priests (D:5)
  3 iguanas
  9 orc wizards
  A scorpion zombie (D:5)
  Terence (D:3)
  12 gnolls
  8 adders
  A shadow imp (D:5)
  4 white imps
  An adder zombie (D:5)
  3 worms (D:4)
  2 dart slugs (D:2)
  26 orcs
  3 ball pythons
  7 endoplasms
  4 giant cockroaches (D:1)
  13 goblins
  4 hobgoblins
  22 kobolds
  3 quokkas
  4 bats
  4 frilled lizards
  7 rats
  A spectral kobold (D:6)
199 creatures vanquished.

Vanquished Creatures (others)
  A water moccasin (D:7)
  A wight (D:7)
  A jelly (D:4)
  A gnoll (D:2)
  A kobold (D:9)
  16 plants
21 creatures vanquished.

Grand Total: 220 creatures vanquished

Notes
Turn   | Place    | Note
-------+----------+-------------------------------------------
     0 | D:1      | Engwar the Draconian Reaver began the quest for the Orb.
     0 | D:1      | Reached XP level 1. HP: 17/17 MP: 3/3
   247 | D:1      | Reached XP level 2. HP: 23/24 MP: 5/5
   250 | D:1      | Learned a level 2 spell: Momentum Strike
   825 | D:1      | Found a faded altar of an unknown god.
  1137 | D:2      | Reached XP level 3. HP: 26/29 MP: 3/6
  1193 | D:2      | Learned a level 3 spell: Hailstorm
  1663 | D:2      | Reached XP level 4. HP: 27/36 MP: 7/7
  2004 | D:2      | Reached skill level 4 in Maces & Flails
  2217 | D:3      | Noticed Terence
  2251 | D:3      | Killed Terence
  2646 | D:3      | Reached XP level 5. HP: 41/41 MP: 8/8
  2812 | D:3      | Found a radiant altar of Vehumet.
  2820 | D:3      | Became a worshipper of Vehumet
  2872 | D:3      | Found an ancient bone altar of Kikubaaqudgha.
  3168 | D:4      | Noticed a black bear
  3190 | D:4      | Killed a black bear
  3315 | D:4      | Noticed Eustachio
  3349 | D:4      | Killed Eustachio
  3350 | D:4      | Reached skill level 5 in Maces & Flails
  3350 | D:4      | Reached skill level 5 in Conjurations
  3350 | D:4      | Reached XP level 6. HP: 24/48 MP: 7/9
  3757 | D:4      | Reached * piety under Vehumet
  3757 | D:4      | Offered knowledge of Sandblast by Vehumet.
  3811 | D:4      | Noticed Grinder
  3814 | D:4      | Paralysed by Grinder for 5 turns
  4097 | D:5      | Entered Level 5 of the Dungeon
  4120 | D:5      | Reached skill level 1 in Translocations
  4295 | D:4      | Your scales start taking on an icy white colour.
  4295 | D:4      | Reached XP level 7. HP: 52/55 MP: 10/10
  4295 | D:4      | Gained mutation: Your flesh is cold resistant. (rC+) [White
                  | Draconian growth]
  4541 | D:5      | Found a basalt altar of Yredelemnul.
  4641 | D:5      | Reached skill level 6 in Maces & Flails
  4948 | D:5      | Learned a level 4 spell: Iskenderun's Mystic Blast
  4958 | D:5      | Found a shimmering blue altar of Sif Muna.
  5547 | D:6      | Reached XP level 8. HP: 61/61 MP: 12/12
  5673 | D:6      | Offered knowledge of Shock by Vehumet.
  5857 | D:6      | Reached ** piety under Vehumet
  6070 | D:6      | Noticed Dowan
  6075 | D:6      | Noticed Duvessa
  6086 | D:6      | Killed Duvessa
  6087 | D:6      | Reached skill level 7 in Maces & Flails
  6097 | D:6      | Killed Dowan
  6450 | D:6      | Found a hazy altar of Hepliaklqana.
  6493 | D:7      | Found a blossoming altar of Fedhas.
  6848 | D:7      | Found a staircase to the Ecumenical Temple.
  6943 | D:7      | Reached XP level 9. HP: 36/67 MP: 12/16
  7226 | D:7      | Reached skill level 5 in Translocations
  7536 | D:8      | Reached skill level 5 in Spellcasting
  7684 | D:8      | Reached skill level 8 in Maces & Flails
  7725 | D:8      | Offered knowledge of Ignite Poison by Vehumet.
  7790 | D:8      | Found a burning altar of Makhleb.
  7790 | D:8      | Found a glowing golden altar of the Shining One.
  7790 | D:8      | Found a shadowy altar of Dithmenos.
  7871 | D:8      | Found a hide-covered altar of Uskayaw.
  8149 | D:8      | Found Jiej's Weapon Emporium.
  8179 | D:8      | Noticed a wolf spider
  8179 | D:8      | Noticed a boulder beetle
  8181 | D:8      | Noticed a manticore
  8186 | D:8      | Noticed a boulder beetle
  8725 | D:9      | Reached *** piety under Vehumet
  8899 | D:9      | Noticed a troll
  8910 | D:9      | Killed a troll
  8973 | D:9      | Noticed a kobold demonologist
  9003 | D:9      | Killed a kobold demonologist
  9044 | D:9      | Reached XP level 10. HP: 57/77 MP: 17/17
  9152 | D:9      | Reached skill level 9 in Maces & Flails
  9225 | D:9      | Reached skill level 5 in Fighting
  9542 | D:9      | Offered knowledge of Kindle Blastsparks by Vehumet.
  9587 | D:9      | Found a broken altar of Ashenzari.
 10043 | D:8      | Killed a manticore
 10058 | D:8      | Mangled by a boulder beetle

Illustrated notes

Levels and vault maps discovered:
D:1:      minmay_arrival_checkered_box, layout_basic, serial_forest,
          infiniplex_forest_lined_room_2, infiniplex_forest_straight_4,
          infiniplex_forest_clump_double, infiniplex_forest_lined_corner,
          infiniplex_forest_clump_tiny, infiniplex_forest_straight_4,
          infiniplex_forest_clump_cross, shapermc_ecumenical_altar_mp_vishouse
D:2:      layout_basic, minmay_statues_item, st_stairs_10
D:3:      layout_loops_ring, kiku_gazebo_garden_becter,
          mainiacjoe_overflow_tiny_flanked, minmay_misc_feat_tiny, minivault_14,
          uniq_terence
D:4:      minmay_evil_eye, layout_basic, st_stairs_4, serial_bayou_pond_d,
          uniq_grinder, uniq_eustachio
D:5:      layout_loops_ring, lemuel_zombie_altar_yredelemnul,
          lemuel_crystal_altar, guppyfry_early_lair_pool
D:6:      layout_rooms, nicolae_hepliaklqana_monster_ancestors,
          minmay_misc_feat_rugged, item_on_display_a, uniq_duvessa
D:7:      layout_basic, fedhas_altar_4, minmay_temple_entry_large_hall
D:8:      layout_cave_pods, lemuel_crystal_altar,
          gammafunk_temple_overflow_claw, serial_shops, kennysheep_mini,
          onia_ninara_dug_in_and_dangerous
D:9:      layout_basic, lemuel_doored_altar, enter_bailey_8

Skill      XL: |  1  2  3  4  5  6  7  8  9 10 |
---------------+-------------------------------+-----
Maces & Flails | 4 5 6 7 8 9 |  9.9
Conjurations   | 4 5 6 7 8 |  8.8
Translocations | 1 3 4 6 |  6.0
Spellcasting   | 3 4 5 |  5.0
Dodging        | 2 4 |  4.8
Fighting       | 3 5 |  5.0

Action                   |  1- 3 |  4- 6 |  7- 9 | 10-12 || total
-------------------------+-------+-------+-------+-------++-------
Melee: Whip              |   135 |   264 |   526 |   115 ||  1040
       Mace              |    14 |       |       |       ||    14
       Tailslap          |    16 |    26 |    71 |    22 ||   135
       Punch             |     1 |     2 |     5 |     1 ||     9
 Cast: Momentum Strike   |     2 |     6 |     7 |     2 ||    17
       Kiss of Death     |       |     1 |     1 |       ||     2
       Hailstorm         |       |       |     1 |     1 ||     2
       Iskenderun's Myst |       |       |       |     1 ||     1
 Abil: Breathe Frost     |       |       |     6 |     2 ||     8
Evoke: Wand              |       |       |       |     1 ||     1
  Use: Scroll            |     3 |    10 |     8 |     1 ||    22
       Potion            |       |       |     1 |     1 ||     2
 Stab: Sleeping          |     1 |       |       |       ||     1
       Distracted        |       |       |       |     1 ||     1
Armor: Skin              |    43 |    77 |   179 |    38 ||   337
Dodge: Dodged            |    78 |   128 |   221 |    38 ||   465
Block: Other             |    20 |    49 |    81 |    11 ||   161
       Reflection        |     4 |     1 |     3 |       ||     8

Table legend: (Time is in decaauts)
 A = Elapsed time spent in this place.
 B = Non-inter-level travel time spent in this place.
 C = Inter-level travel time spent in this place.
 D = Time resting spent in this place.
 E = Time spent auto-exploring this place.
 F = Levels seen in this place.
 G = Mean time per level.
                   A        B        C        D        E       F      G
               +--------+--------+--------+--------+--------+-----+--------+
         Total |   9846 |   9485 |    361 |   1436 |   5969 |   9 | 1094.0 |
       Dungeon |   9846 |   9485 |    361 |   1436 |   5969 |   9 | 1094.0 |
               +--------+--------+--------+--------+--------+-----+--------+

Top non-repeatable levels by time:
     D:9: 1262 daAuts
     D:8: 1184 daAuts
     D:1: 1131 daAuts
     D:4: 1128 daAuts
     D:6: 1099 daAuts
     D:5: 1087 daAuts
     D:2: 1026 daAuts
     D:7: 997 daAuts
     D:3: 929 daAuts
